 Dungeon Crawl Stone Soup version 0.28.0 (webtiles) character file.

Game seed: 14624832701431110085

147 Ayyar the Skirmisher (level 5, 0/47 HPs)
             Began as a Minotaur Fighter on Apr 14, 2022.
             Succumbed to an adder's poison
             ... on level 5 of the Dungeon.
             The game lasted 00:05:07 (1597 turns).

Ayyar the Skirmisher (Minotaur Fighter)             Turns: 1597, Time: 00:05:07

Health: 0/47       AC:  8    Str: 23    XL:     5   Next: 8%
Magic:  4/4        EV:  9    Int:  5    God:
Gold:   106        SH:  5    Dex: 15    Spells: 4/4 levels left

rFire   . . .      SeeInvis .   a - +0 war axe
rCold   . . .      Faith    .   c - +0 buckler
rNeg    . . .      Spirit   .   b - +0 scale mail
rPois   .          Reflect  .   (helmet restricted)
rElec   .          Harm     .   (no cloak)
rCorr   .          Rampage  .   k - +0 pair of gloves
Will    .....                   (no boots)
Stlth   ..........              (no amulet)
HPRegen 0.15/turn               f - +6 ring of dexterity
MPRegen 0.09/turn               (no ring)

@: lethally poisoned (0 -> -6), flying
A: horns 2, retaliatory headbutt
a: no special abilities


You were on level 5 of the Dungeon.
You visited 1 branch of the dungeon, and saw 4 of its levels.

You collected 106 gold pieces.

Inventory:

Hand Weapons
 a - a +0 war axe (weapon)
Missiles
 e - 6 poisoned darts (quivered)
Armour
 b - a +0 scale mail (worn)
 c - a +0 buckler (worn)
 k - a +0 pair of gloves (worn)
Jewellery
 f - a +6 ring of dexterity (left hand)
Wands
 l - a wand of iceblast (4)
Scrolls
 h - a scroll of enchant armour {unknown}
 i - a scroll of blinking {unknown}
Potions
 d - a potion of might
 g - a potion of flight
 j - a potion of degeneration {unknown}
 m - a potion of haste {unknown}
 n - a potion of curing {unknown}


   Skills:
 + Level 4.6 Fighting
 + Level 3.6 Axes
 + Level 1.4 Throwing
 + Level 4.5 Armour
 + Level 4.5 Shields


You had 4 spell levels left.
You didn't know any spells.
Your spell library contained the following spells:

 Spells                   Type           Power      Damage    Failure   Level
 Stone Arrow              Conj/Erth      0%         3d7       99%         3
 Animate Armour           Summ/Erth      0%         N/A       100%        4
 Lehudib's Crystal Spear  Conj/Erth      0%         10d2      100%        8


Dungeon Overview and Level Annotations

Branches:
Dungeon (3/15)

Altars:

Shops:
D:5 (


Innate Abilities, Weirdness & Mutations

You have a pair of horns on your head.
You reflexively headbutt those who attack you in melee.


Message History

You barely miss the adder.
The orc priest looks more healthy.
The adder bites you but does no damage.
An orc comes into view. It is wielding a +0 club.
The orc priest closely misses you. You furiously retaliate!
You headbutt the orc priest. The adder bites you but does no damage.
You closely miss the orc priest. You headbutt the orc priest!
The orc priest is almost dead.
You hit the adder. The orc priest closely misses you. The adder bites you.
* * * LOW HITPOINT WARNING * * *
The orc priest looks braver for a moment.
You hit the orc priest but do no damage.
Your headbutt misses the orc priest.
The orc priest is almost dead.
You miss the adder. The adder bites you.
* * * LOW HITPOINT WARNING * * *
You are poisoned.
The adder poisons you! The adder bites you.
* * * LOW HITPOINT WARNING * * *
You are lethally poisoned!
The adder poisons you!
The orc priest hits you but does no damage.
You closely miss the orc priest.
The orc priest is almost dead.
You closely miss the adder.
* * * LOW HITPOINT WARNING * * *
You feel very sick. The adder bites you but does no damage.
The orc priest hits you but does no damage.
The orc throws a boomerang.
The boomerang barely misses you. The adder barely misses you.
It was a potion of flight.
You feel very buoyant.
You fly up into the air.
* * * LOW HITPOINT WARNING * * *
You feel sick.
The orc priest hits you but does no damage.
The adder closely misses you.
The orc throws a boomerang.
The boomerang hits you.
* * * LOW HITPOINT WARNING * * *
You die...

.......(........
.....(...........
.....>......./...
.............(...
......(..........
.........o.......
#......).S.......
#..@.oo....#
#...$.##...###..
..##.###...#
......†...#
...........#
..............
..##............
...........>....
###..#...........


You could see an orc priest, an adder and 2 orcs.

Vanquished Creatures
  An orc priest (D:5)
  An iguana (D:5)
  3 adders
  An ufetubus (D:3)
  3 worms (D:2)
  2 dart slugs (D:2)
  4 ball pythons
  3 bats
  4 endoplasms
  2 giant cockroaches (D:2)
  5 goblins
  A hobgoblin (D:1)
  7 jackals
  2 frilled lizards
  5 kobolds
  4 rats
48 creatures vanquished.

Notes
Turn   | Place    | Note
-------+----------+-------------------------------------------
     0 | D:1      | Ayyar the Minotaur Fighter began the quest for the Orb.
     0 | D:1      | Reached XP level 1. HP: 19/19 MP: 0/0
   209 | D:1      | Reached XP level 2. HP: 27/27 MP: 1/1
   850 | D:2      | Reached XP level 3. HP: 26/33 MP: 2/2
  1377 | D:3      | Reached XP level 4. HP: 27/40 MP: 3/3
  1476 | D:3      | Reached skill level 1 in Throwing
  1548 | D:3      | You fall into a shaft and drop 2 floors!
  1548 | D:5      | Entered Level 5 of the Dungeon
  1548 | D:5      | Found Hakk's Antique Weapon Emporium.
  1592 | D:5      | Reached XP level 5. HP: 11/47 MP: 4/4
  1596 | D:5      | HP: 2/47 [orc/boomerang (1)]
  1597 | D:5      | Succumbed to an adder's poison

Illustrated notes

Levels and vault maps discovered:
D:1:      dpeg_arrival_leaves_temple_mockup, layout_basic
D:2:      layout_basic, grunt_ministairs_12, eino_tiny_chamber,
          minmay_misc_feat_room, grunt_decor_cap
D:3:      layout_basic, shapermc_ecumenical_altar_mp_urbaneastern,
          chequers_mini_garden, uniq_terence
D:5:      layout_rooms, old_standard_altar, serial_shops, shop, roderic_batcave

Skill      XL: |  1  2  3  4 |
---------------+-------------+-----
Fighting       | 4 |  4.6
Shields        | 4 |  4.5
Armour         | 4 |  4.5
Axes           | 3 |  3.6
Throwing       | 1 |  1.4

Action                   |  1- 3 |  4- 6 || total
-------------------------+-------+-------++-------
Melee: War axe           |    71 |    18 ||    89
       Headbutt          |    11 |     3 ||    14
Throw: Dart              |       |     3 ||     3
  Use: Potion            |       |     1 ||     1
Armor: Scale mail        |    27 |    12 ||    39
Dodge: Dodged            |    29 |    14 ||    43
Block: Buckler           |    16 |     6 ||    22
